[Event "Titled Tuesday Blitz April 18 Early 2023"]
[White "Shohat, Yotam"]
[Black "chessfatbear"]
[WhiteFideId "2813955"]
[WhiteElo "2226"]
[BlackElo "2783"]
[Result "1-0"]
[Round "04"]
[TimeControl "180+2"]
[Date "2023.04.18"]
[WhiteClock "0:00:08"]
[BlackClock "0:00:02"]

1. e4 e6 2. d4 d5 3. Nc3 Nf6 4. e5 Nfd7 5. f4 c5 6. Nf3 Nc6 7. Be3 Be7 8. Qd2 O-O 9. dxc5 Nxc5 10. O-O-O Qa5 11. Kb1 Bd7 12. Nd4 Qc7 13. Ndb5 Qb8 14. Qf2 b6 15. h4 a6 16. Nd4 Nxd4 17. Bxd4 Rc8 18. h5 b5 19. h6 g6 20. Bd3 b4 21. Ne2 Bb5 22. Nc1 a5 23. g4 a4 24. f5 b3 25. Rhf1 bxc2+ 26. Bxc2 Bxf1 27. Rxf1 Rf8 28. Bxc5 Bxc5 29. Qxc5 Qxe5 30. Nd3 Qg3 31. Qd4 f6 32. fxe6 Qg2 33. Rxf6 Qh1+ 34. Nc1 Qxh6 35. e7 Rxf6 36. Qxf6 Qg7 37. Qd6 1-0


[Site "https://www.chess.com"]

[Event "Titled Tuesday Blitz April 18 Early 2023"]
[White "Harsh Suresh"]
[Black "Taboas Rodriguez, Daniel"]
[WhiteFideId "45018464"]
[BlackFideId "2208466"]
[WhiteElo "2227"]
[BlackElo "2365"]
[Result "1-0"]
[Round "04"]
[TimeControl "180+2"]
[Date "2023.04.18"]
[WhiteClock "0:00:42"]
[BlackClock "0:00:13"]

1. e4 e5 2. Nf3 Nc6 3. Bc4 Nf6 4. O-O Bc5 5. Nc3 d6 6. h3 O-O 7. d3 h6 8. Be3 Bb6 9. a4 Be6 10. Qd2 Bxc4 11. dxc4 Qe7 12. Nd5 Nxd5 13. cxd5 Bxe3 14. fxe3 Nb8 15. Qf2 Nd7 16. Nh4 g6 17. Nf3 f5 18. exf5 Rxf5 19. Qg3 Kh7 20. e4 Rf4 21. Nd2 Raf8 22. a5 Nc5 23. Qe3 Qg5 24. Qe2 Qh4 25. Rxf4 Rxf4 26. Re1 a6 27. Qe3 Qg5 28. g3 Rf7 29. b4 Qxe3+ 30. Rxe3 Nd7 31. Rf3 Kg7 32. Rxf7+ Kxf7 33. Kf2 Nf6 34. Kf3 h5 35. c4 Ke7 36. Nf1 b6 37. b5 bxa5 38. bxa6 Nd7 39. a7 Nb6 40. Nd2 Kd7 41. c5 dxc5 42. Nc4 Na8 43. Nxa5 Kc8 44. Ke3 Nb6 45. Kd3 1-0


[Site "https://www.chess.com"]

[Event "Titled Tuesday Blitz April 18 Early 2023"]
[White "Richter, Paul"]
[Black "Galchenko, Matvey"]
[WhiteFideId "2046350"]
[BlackFideId "24175480"]
[WhiteElo "2533"]
[BlackElo "2423"]
[Result "0-1"]
[Round "04"]
[TimeControl "180+2"]
[Date "2023.04.18"]
[WhiteClock "0:00:04"]
[BlackClock "0:00:15"]

1. e4 e6 2. d4 d5 3. Nc3 Bb4 4. e5 Ne7 5. a3 Bxc3+ 6. bxc3 c5 7. h4 cxd4 8. cxd4 Qc7 9. Nf3 b6 10. h5 h6 11. Bb5+ Bd7 12. Bd3 Ba4 13. Bd2 Nbc6 14. Rh4 Rc8 15. Rg4 Kf8 16. Rc1 Na5 17. Bb4 Nc4 18. Nd2 Nb2 19. Qf3 Nxd3+ 20. Qxd3 Kg8 21. Bxe7 Qxe7 22. c4 f5 23. exf6 Qxf6 24. Rg6 Qh4 25. Rxe6 Qxh5 26. c5 Qg4 27. Re5 Qxg2 28. Nf3 Rf8 29. Ke2 Bb5 30. Qxb5 Qxf3+ 31. Kd2 Qxf2+ 32. Re2 Qxd4+ 33. Ke1 Qg1+ 34. Kd2 Qg5+ 35. Kc2 bxc5 36. Qxc5 Kh7 37. Rce1 Rc8 0-1


[Site "https://www.chess.com"]

[Event "Titled Tuesday Blitz April 18 Early 2023"]
[White "Tomaszewski, Kacper"]
[Black "Yuan, Qingyu"]
[WhiteFideId "1127373"]
[BlackFideId "8609772"]
[WhiteElo "2211"]
[BlackElo "2359"]
[Result "1-0"]
[Round "04"]
[TimeControl "180+2"]
[Date "2023.04.18"]
[WhiteClock "0:00:05"]
[BlackClock "0:00:02"]

1. c4 e6 2. Nc3 d5 3. d4 Be7 4. Bf4 Nf6 5. e3 O-O 6. a3 Nbd7 7. Qc2 c5 8. dxc5 Nxc5 9. Nf3 b6 10. cxd5 Nxd5 11. Rd1 Qe8 12. Bb5 Bd7 13. Bxd7 Nxd7 14. Nxd5 exd5 15. O-O Nf6 16. Be5 Rc8 17. Qf5 h6 18. Bd4 Qb5 19. Ne5 Ne4 20. Nxf7 Rc6 21. a4 Qc4 22. b3 Qxb3 23. Qd7 Rg6 24. Ne5 Rgf6 25. Qxe7 Rxf2 26. Qe6+ Kh7 27. Qg6+ Kg8 28. Qe6+ Kh7 29. Nf3 R8xf3 30. gxf3 Qc2 31. Qg4 g5 32. fxe4 Rg2+ 33. Qxg2 Qc7 34. e5 Qe7 35. Qf2 Kg6 36. Qf5+ Kh5 37. Qf6 Qd7 38. Qf7+ Qxf7 39. Rxf7 1-0


[Site "https://www.chess.com"]

[Event "Titled Tuesday Blitz April 18 Early 2023"]
[White "Csonka, Balazs"]
[Black "Aggelis, Nikolaos"]
[WhiteFideId "742910"]
[BlackFideId "4213220"]
[WhiteElo "2404"]
[BlackElo "2189"]
[Result "1-0"]
[Round "04"]
[TimeControl "180+2"]
[Date "2023.04.18"]
[WhiteClock "0:00:06"]
[BlackClock "0:00:26"]

1. e4 c6 2. d4 d5 3. Nc3 dxe4 4. Nxe4 Nf6 5. Bd3 Nxe4 6. Bxe4 Nd7 7. c3 Nf6 8. Bc2 Bg4 9. f3 Bh5 10. Bg5 Bg6 11. Ne2 Bxc2 12. Qxc2 e6 13. O-O-O h6 14. Bd2 Bd6 15. Kb1 Qc7 16. g4 O-O-O 17. h4 Nd5 18. c4 Nf4 19. Nxf4 Bxf4 20. Bc3 Rhe8 21. h5 Rd7 22. Qh7 f6 23. Rhe1 Rde7 24. Qg6 b6 25. Re4 Kb7 26. Rde1 Bd6 27. Kc2 c5 28. d5 exd5 29. cxd5 Rxe4 30. Rxe4 Rxe4 31. Qxe4 Qe7 32. Qxe7+ Bxe7 33. Kd3 Kc7 34. Ke4 Kd6 35. Be1 c4 36. Bb4+ Kd7 37. Bxe7 Kxe7 38. Kd4 b5 39. Kc5 a6 40. a4 bxa4 41. Kxc4 Kd6 42. Kd4 a5 43. Kc4 Kd7 44. Kc5 Kc7 45. d6+ Kd7 46. Kd5 Kd8 47. Ke6 Ke8 48. d7+ Kd8 49. Kf7 Kxd7 50. Kxg7 Kd6 51. Kxf6 Kc5 52. g5 Kb4 53. gxh6 Kb3 54. h7 Kxb2 55. h8=Q a3 56. Kf7+ Kb1 57. h6 a2 58. Qb8+ Kc1 59. Qc7+ Kb1 60. Qxa5 a1=Q 61. Qxa1+ Kxa1 62. f4 1-0


[Site "https://www.chess.com"]

[Event "Titled Tuesday Blitz April 18 Early 2023"]
[White "Milchev, Nikolay"]
[Black "Nagy, Gabor"]
[WhiteFideId "2906090"]
[BlackFideId "737119"]
[WhiteElo "2449"]
[BlackElo "2514"]
[Result "1/2-1/2"]
[Round "04"]
[TimeControl "180+2"]
[Date "2023.04.18"]
[WhiteClock "0:00:15"]
[BlackClock "0:00:12"]

1. Nf3 d5 2. c4 d4 3. b4 Bg4 4. Ne5 Bh5 5. g4 Bg6 6. Bg2 c6 7. d3 e6 8. Qb3 Nd7 9. Nxd7 Qxd7 10. b5 Bd6 11. a4 Ne7 12. Nd2 O-O 13. Ba3 c5 14. a5 Rae8 15. h4 f5 16. h5 Bf7 17. g5 e5 18. O-O-O Qd8 19. Qa4 b6 20. a6 Nc8 21. g6 hxg6 22. hxg6 Bxg6 23. Bc6 Re7 24. Rdg1 Be8 25. Bd5+ Bf7 26. Bc6 Re6 27. Bd5 Rf6 28. Bxf7+ R8xf7 29. Qd1 e4 30. Qf1 Bf4 31. Kc2 Nd6 32. Bc1 Qd7 33. Qg2 Rh6 34. Rxh6 Bxh6 35. Nxe4 fxe4 36. Bxh6 exd3+ 37. exd3 Nf5 38. Bf4 Qe6 39. Qa8+ Rf8 40. Qd5 Qxd5 41. cxd5 Ne7 42. Bd6 Rxf2+ 43. Kb3 Nxd5 44. Rg5 Nc3 45. Bb8 Nxb5 46. Kc4 Rb2 47. Be5 Rb4+ 48. Kd5 Kh7 49. Rxg7+ Kh6 50. Rb7 c4 51. dxc4 Nc3+ 52. Kxd4 Ne2+ 53. Kd3 Nc1+ 54. Kc3 Na2+ 55. Kd3 Rb3+ 56. Ke4 Rb4 57. Kd5 Ra4 58. Rxa7 Nb4+ 59. Kd6 Kg6 60. Bd4 Nxa6 61. Bxb6 Kf5 62. c5 Nxc5 63. Bxc5 Rxa7 64. Bxa7 1/2-1/2


[Site "https://www.chess.com"]

[Event "Titled Tuesday Blitz April 18 Early 2023"]
[White "Harshavardhan G B"]
[Black "Taichman, Ori"]
[WhiteFideId "25059009"]
[BlackFideId "2804069"]
[WhiteElo "2323"]
[BlackElo "2237"]
[Result "0-1"]
[Round "04"]
[TimeControl "180+2"]
[Date "2023.04.18"]
[WhiteClock "0:00:06"]
[BlackClock "0:00:07"]

1. d4 Nf6 2. c4 g6 3. Nc3 Bg7 4. e4 O-O 5. Be2 d6 6. Nf3 e5 7. d5 a5 8. Bg5 h6 9. Be3 Ng4 10. Bc1 f5 11. exf5 gxf5 12. g3 Na6 13. Nh4 Nc5 14. h3 Nf6 15. f4 Nfe4 16. Nxe4 Nxe4 17. Qd3 a4 18. O-O a3 19. bxa3 exf4 20. Bxf4 Bxa1 21. Rxa1 Qf6 22. Rf1 Qc3 23. Bxh6 Nxg3 24. Rf2 Rxa3 25. Qxc3 Rxc3 26. Bxf8 Kxf8 27. Bg4 Rxc4 28. Kg2 Ke7 29. Bd1 Ne4 30. Rf4 Rd4 31. Be2 Rd2 32. Kf3 Nc3 33. Bc4 b5 34. Bb3 Rd3+ 35. Kf2 Ne4+ 36. Ke2 Rxh3 37. Nxf5+ Bxf5 38. Rxf5 Nc3+ 39. Kd2 Nxa2 40. Rg5 Nb4 41. Bd1 Rd3+ 42. Ke2 Rd4 43. Rg7+ Kd8 44. Rg8+ Kd7 45. Rg7+ Kc8 46. Rg8+ Kb7 47. Ke1 Rc4 48. Be2 Rc5 49. Bf3 Nxd5 50. Rg5 c6 51. Rg6 Kc7 52. Rg7+ Kb6 53. Rd7 Nb4 54. Rxd6 Re5+ 55. Kd2 Kc5 56. Rd8 Re6 57. Rh8 Rd6+ 58. Ke2 Nc2 59. Rh5+ Kb6 60. Be4 Nd4+ 61. Kd3 c5 62. Ke3 b4 63. Rh8 Kb5 64. Rb8+ Kc4 65. Rc8 Nb3 66. Bh7 Kc3 67. Bg8 Rd3+ 68. Kf2 Rd2+ 69. Ke1 Rc2 70. Kd1 Rc1+ 71. Ke2 Kb2 72. Rc7 Nd4+ 73. Kd3 Nb3 74. Ke4 Rc3 75. Kd5 Rd3+ 76. Ke4 Rd4+ 77. Ke3 Rd6 78. Bxb3 Kxb3 79. Rxc5 Kb2 80. Rc8 b3 81. Rb8 Kc2 82. Rc8+ Kb1 83. Ke2 b2 84. Ra8 Rd5 85. Ra7 Kc2 86. Rc7+ Kb3 87. Rb7+ Kc3 88. Rc7+ Kb4 89. Rb7+ Rb5 90. Rxb5+ Kxb5 0-1


[Site "https://www.chess.com"]

[Event "Titled Tuesday Blitz April 18 Early 2023"]
[White "Horak, Martin"]
[Black "Brunner, Nicolas"]
[WhiteFideId "367095"]
[BlackFideId "620246"]
[WhiteElo "2091"]
[BlackElo "2327"]
[Result "1-0"]
[Round "04"]
[TimeControl "180+2"]
[Date "2023.04.18"]
[WhiteClock "0:01:46"]
[BlackClock "0:02:29"]

1. e4 e5 2. f4 exf4 3. Nf3 Ne7 4. d4 d5 5. Bd3 dxe4 6. Bxe4 Nd5 7. O-O Be7 8. Bxd5 Qxd5 9. Bxf4 c6 10. Nc3 Qh5 11. d5 O-O 12. d6 Bf6 13. Ne5 Nd7 14. Qxh5 1-0


[Site "https://www.chess.com"]

[Event "Titled Tuesday Blitz April 18 Early 2023"]
[White "Bilan, Danila"]
[Black "Weetik, Vjacheslav"]
[WhiteFideId "24161918"]
[BlackFideId "4153472"]
[WhiteElo "2182"]
[BlackElo "2469"]
[Result "1-0"]
[Round "04"]
[TimeControl "180+2"]
[Date "2023.04.18"]
[WhiteClock "0:00:02"]
[BlackClock "0:00:02"]

1. d4 Nf6 2. Nf3 e6 3. g3 b5 4. Bg2 Bb7 5. O-O c5 6. a4 a6 7. axb5 axb5 8. Rxa8 Bxa8 9. dxc5 Bxc5 10. Nc3 b4 11. Na4 Be7 12. b3 O-O 13. Bb2 Qc7 14. Qd3 Be4 15. Qb5 Qxc2 16. Bxf6 Bxf6 17. Qxb4 Nc6 18. Qd2 d5 19. Rc1 Qxd2 20. Nxd2 Nd4 21. Bf1 Bg6 22. e3 Nc2 23. e4 Nd4 24. exd5 exd5 25. Nb6 Rd8 26. Rc8 Rxc8 27. Nxc8 Nc6 28. Nb6 Bc3 29. Nf3 d4 30. Bc4 Kf8 31. Nd5 1-0


[Site "https://www.chess.com"]

[Event "Titled Tuesday Blitz April 18 Early 2023"]
[White "Wagner, Dennis"]
[Black "Garv Gaur"]
[WhiteFideId "24650684"]
[BlackFideId "45030839"]
[WhiteElo "2470"]
[BlackElo "2068"]
[Result "1-0"]
[Round "04"]
[TimeControl "180+2"]
[Date "2023.04.18"]
[WhiteClock "0:01:07"]
[BlackClock "0:00:10"]

1. d4 Nf6 2. Nf3 e6 3. g3 b6 4. Bg2 Bb7 5. Bf4 c5 6. Nc3 a6 7. O-O Nc6 8. d5 exd5 9. Nxd5 Nxd5 10. Qxd5 Be7 11. Rad1 Ra7 12. Ng5 O-O 13. Nxh7 Nd4 14. Qh5 g6 15. Qh6 Nxe2+ 16. Kh1 Bxg2+ 17. Kxg2 Nxf4+ 18. gxf4 Re8 19. Rfe1 d5 20. Rd3 d4 21. Rh3 Qd5+ 22. f3 Qf5 23. Ng5 Qf6 24. Qh7+ Kf8 25. Qh8+ Qxh8 26. Rxh8+ Kg7 27. Rxe8 1-0


[Site "https://www.chess.com"]

[Event "Titled Tuesday Blitz April 18 Early 2023"]
[White "Korchmar, Vasiliy"]
[Black "Ljukin, Sergei"]
[WhiteFideId "24131750"]
[BlackFideId "14102200"]
[WhiteElo "2370"]
[BlackElo "2312"]
[Result "1-0"]
[Round "04"]
[TimeControl "180+2"]
[Date "2023.04.18"]
[WhiteClock "0:00:36"]
[BlackClock "0:00:03"]

1. e4 e6 2. d4 d5 3. e5 c5 4. c3 Nc6 5. Nf3 Qb6 6. Be2 cxd4 7. cxd4 Nh6 8. Bxh6 Qxb2 9. Nbd2 gxh6 10. Rb1 Qc3 11. O-O Qa5 12. Qb3 Be7 13. Qe3 Bg5 14. Nxg5 hxg5 15. Bb5 Bd7 16. Qxg5 h6 17. Qf6 Rg8 18. Nf3 Qd8 19. Qxh6 Qe7 20. Rfc1 O-O-O 21. Qd2 Qe8 22. Qc3 Rg4 23. h3 Rf4 24. Qc5 b6 25. Qd6 Kb7 26. Rxc6 Bxc6 27. Bxc6+ Qxc6 28. Qxd8 1-0


[Site "https://www.chess.com"]

[Event "Titled Tuesday Blitz April 18 Early 2023"]
[White "Ronka, Erik"]
[Black "jinbojinbo"]
[WhiteFideId "505080"]
[WhiteElo "2264"]
[BlackElo "2710"]
[Result "1/2-1/2"]
[Round "04"]
[TimeControl "180+2"]
[Date "2023.04.18"]
[WhiteClock "0:00:05"]
[BlackClock "0:00:04"]

1. e4 e5 2. Nf3 Nc6 3. Bb5 a6 4. Ba4 Nf6 5. O-O Be7 6. d3 b5 7. Bb3 O-O 8. Bd2 d5 9. exd5 Nxd5 10. a4 Bg4 11. h3 Bh5 12. g4 Bg6 13. Nc3 Nxc3 14. Bxc3 Qd6 15. Re1 Nd4 16. Nxd4 exd4 17. Bxd4 Qxd4 18. Rxe7 Qxb2 19. Rxc7 Qe5 20. Rb7 h5 21. axb5 axb5 22. Rxa8 Rxa8 23. Qf3 Rf8 24. Qd5 Qe1+ 25. Kg2 hxg4 26. hxg4 Qe2 27. Qf3 Qe5 28. Rd7 b4 29. Rb7 Qd4 30. Rc7 Qd6 31. Rc4 Re8 32. Rf4 Re7 33. Qa8+ Kh7 34. Qf3 Kg8 35. Rc4 Qd8 36. Rc6 Bh7 37. Rc4 Re1 38. Rxb4 Bg6 39. Rb7 Qd6 40. Rxf7 Bxf7 41. Qxf7+ Kh7 42. Qg8+ Kg6 43. Qf7+ Kh7 44. Qh5+ Qh6 45. Qxh6+ Kxh6 46. f4 Kg6 47. Kf3 Kf6 48. Bd5 Ra1 49. c4 Rd1 50. Ke4 Re1+ 51. Kd4 Rf1 52. Ke3 Re1+ 53. Kf2 Rd1 54. Be4 Ke6 55. g5 Kd6 56. Ke3 Kc5 57. Bd5 Re1+ 58. Kf3 Rd1 59. Kg4 Rg1+ 60. Kf5 Rf1 61. Be4 Kd4 62. Bd5 Rf2 63. Kg6 Rxf4 64. Kxg7 Kxd3 65. c5 Rf5 66. g6 Rxd5 67. Kf7 Rxc5 68. g7 Rc7+ 69. Kf8 Rc8+ 70. Kf7 Rc7+ 71. Kf8 Rxg7 72. Kxg7 1/2-1/2


[Site "https://www.chess.com"]

[Event "Titled Tuesday Blitz April 18 Early 2023"]
[White "Williams, Simon K"]
[Black "Gubajdullin, Alexei"]
[WhiteFideId "404454"]
[BlackFideId "4141202"]
[WhiteElo "2468"]
[BlackElo "2279"]
[Result "0-1"]
[Round "04"]
[TimeControl "180+2"]
[Date "2023.04.18"]
[WhiteClock "0:00:07"]
[BlackClock "0:00:07"]

1. d4 Nf6 2. Nc3 g6 3. Bf4 d6 4. e4 Bg7 5. Qd2 Nc6 6. O-O-O Nd7 7. Nf3 e5 8. Bg5 f6 9. Bh6 O-O 10. Bxg7 Kxg7 11. h4 h6 12. g4 exd4 13. Nxd4 Nde5 14. Be2 Nxg4 15. Bxg4 Bxg4 16. Rdg1 Nxd4 17. Qxd4 h5 18. Rg3 Be6 19. Rhg1 Bf7 20. Nd5 Rh8 21. f4 c6 22. Ne3 Kh7 23. f5 Rg8 24. Qd2 g5 25. hxg5 Rxg5 26. Rxg5 fxg5 27. Qh2 Qf6 28. Ng4 Qd4 29. c3 Qg7 30. Nf2 Rb8 31. Qxd6 Re8 32. e5 g4 33. e6 Qg5+ 34. Kb1 Bg8 35. Qe5 Re7 36. Nd3 Re8 37. Nf4 Rf8 38. e7 Re8 39. Ne2 Bf7 40. Ng3 Rxe7 41. Qb8 Qe3 42. Rc1 Qd3+ 43. Ka1 Qd2 44. Rb1 Qd5 45. Qf8 Qxa2# 0-1


[Site "https://www.chess.com"]

[Event "Titled Tuesday Blitz April 18 Early 2023"]
[White "Omelja, Artem"]
[Black "Manukyan, Sargis A."]
[WhiteFideId "14119846"]
[BlackFideId "13303970"]
[WhiteElo "2404"]
[BlackElo "2187"]
[Result "0-1"]
[Round "04"]
[TimeControl "180+2"]
[Date "2023.04.18"]
[WhiteClock "0:00:01"]
[BlackClock "0:00:36"]

1. d4 d5 2. c4 e6 3. Nc3 Nf6 4. Bg5 Be7 5. e3 O-O 6. Nf3 h6 7. Bh4 b6 8. cxd5 Nxd5 9. Bxe7 Qxe7 10. Be2 Bb7 11. O-O Nd7 12. Rc1 c5 13. h3 Rac8 14. Qb3 Rfd8 15. Rfd1 cxd4 16. Nxd4 Nc5 17. Qa3 a5 18. Nxd5 Bxd5 19. Bf3 Bxf3 20. Nxf3 Kf8 21. Nd4 e5 22. Nb5 Rxd1+ 23. Rxd1 Rd8 24. Rxd8+ Qxd8 25. Qc3 Qd1+ 26. Kh2 Qd3 27. a4 Qxc3 28. Nxc3 Nd3 29. b3 Nxf2 30. Nd5 Nd3 31. Nxb6 Nc5 32. Nc4 Nxb3 33. Nxe5 Ke7 34. Kg3 Ke6 35. Nc6 Kd6 36. Nd8 f6 37. Kf4 Nc5 38. Kf5 Kd7 39. Nf7 Nxa4 40. Kg6 Nc5 41. Kxg7 Ke7 42. Nxh6 a4 43. Nf5+ Ke6 44. Nd4+ Ke5 45. Nc2 Ne4 46. g4 Nf2 0-1


[Site "https://www.chess.com"]

[Event "Titled Tuesday Blitz April 18 Early 2023"]
[White "Prohaszka, Peter"]
[Black "Womacka, Mathias"]
[WhiteFideId "726265"]
[BlackFideId "4611390"]
[WhiteElo "2626"]
[BlackElo "2377"]
[Result "1/2-1/2"]
[Round "04"]
[TimeControl "180+2"]
[Date "2023.04.18"]
[WhiteClock "0:00:03"]
[BlackClock "0:00:09"]

1. d4 Nf6 2. Nf3 e6 3. Bf4 c5 4. e3 d5 5. Nbd2 Bd6 6. dxc5 Bxc5 7. a3 O-O 8. c4 Nc6 9. b4 Bd6 10. Bxd6 Qxd6 11. cxd5 Qxd5 12. Be2 e5 13. Nc4 e4 14. Qxd5 Nxd5 15. Nfd2 f5 16. Nd6 Rd8 17. N2c4 Kf8 18. b5 Ne5 19. Nxb7 Bxb7 20. Nxe5 Nc3 21. Rc1 Rac8 22. Nc6 Nxe2 23. Kxe2 Bxc6 24. Rxc6 Rxc6 25. bxc6 Rc8 26. Rc1 Ke7 27. Rc5 g6 28. Ra5 Rc7 29. f3 Kd6 30. fxe4 fxe4 31. Ra4 Kd5 32. Ra6 Rxc6 33. Rxa7 Rc2+ 34. Kf1 h5 35. Rd7+ Ke5 36. h4 Ra2 37. Ra7 Kf5 38. Ra5+ Kg4 39. Rg5+ Kxh4 40. Rxg6 Rxa3 41. Kg1 Rxe3 42. Kh2 Re2 43. Rg7 e3 44. Rg8 Ra2 45. Rg7 Rb2 46. Rg8 Ra2 47. Rg7 Rb2 48. Rg6 Ra2 49. Rg8 Rb2 50. Rg6 Ra2 51. Rg7 1/2-1/2


[Site "https://www.chess.com"]

[Event "Titled Tuesday Blitz April 18 Early 2023"]
[White "Colas, Joshua"]
[Black "Chernov, Mikhail"]
[WhiteFideId "2044447"]
[BlackFideId "24143170"]
[WhiteElo "2347"]
[BlackElo "2113"]
[Result "1-0"]
[Round "04"]
[TimeControl "180+2"]
[Date "2023.04.18"]
[WhiteClock "0:00:21"]
[BlackClock "0:00:21"]

1. c4 c5 2. Nf3 Nc6 3. d4 cxd4 4. Nxd4 e5 5. Nc2 Nf6 6. Nc3 Be7 7. g3 O-O 8. Bg2 b6 9. O-O Bb7 10. b3 d6 11. Ba3 Qd7 12. Qd2 Rfd8 13. Rad1 Rac8 14. Nd5 Nxd5 15. Bxd5 Na5 16. Bxb7 Nxb7 17. Ne3 Bg5 18. f4 exf4 19. Nd5 Nc5 20. gxf4 Bh6 21. Bb2 Re8 22. Rf3 Re4 23. Rg3 Kf8 24. Qc3 Ne6 25. e3 b5 26. Ba3 bxc4 27. Nf6 gxf6 28. Rxd6 Qe7 29. Qxf6 1-0


[Site "https://www.chess.com"]

[Event "Titled Tuesday Blitz April 18 Early 2023"]
[White "Djordjevic, Vuk"]
[Black "Stepanencu, Nicodim-Cosmin"]
[WhiteFideId "902098"]
[BlackFideId "1256220"]
[WhiteElo "2452"]
[BlackElo "2185"]
[Result "1-0"]
[Round "04"]
[TimeControl "180+2"]
[Date "2023.04.18"]
[WhiteClock "0:00:07"]
[BlackClock "0:00:05"]

1. d4 Nf6 2. Bg5 e6 3. e4 h6 4. Bxf6 Qxf6 5. c3 Nc6 6. e5 Qg6 7. f4 d6 8. Nd2 Bd7 9. Ngf3 Be7 10. Qe2 O-O-O 11. g3 Rhe8 12. Bg2 f6 13. exd6 Bxd6 14. O-O-O Qf5 15. Nc4 Bf8 16. Nh4 Qh7 17. Be4 Qg8 18. Ng6 Kb8 19. Rhe1 Qf7 20. Nh4 Ne7 21. Na5 Nd5 22. Bg6 Qe7 23. Bxe8 Rxe8 24. Nb3 Qd6 25. Ng6 Ba4 26. Nxf8 Qxf8 27. Qc4 Nb6 28. Qc5 Qf7 29. f5 exf5 30. Rxe8+ Qxe8 31. Qxf5 Qe2 32. Qc2 Qb5 33. Re1 a6 34. Qe2 Nc4 35. Nc5 Nd6 36. Qxb5 Bxb5 37. Ne6 g6 38. Nf4 g5 39. Nd5 Bc4 40. Nxf6 Bxa2 41. Ng4 h5 42. Nf6 h4 43. Re5 hxg3 44. hxg3 g4 45. Nxg4 Bc4 46. Ne3 Bd3 47. g4 Nf7 48. Re8+ Ka7 49. Nd5 c6 50. Nf4 Bc4 51. Re7 Ng5 52. Re5 Nf3 53. Re3 Ng5 54. Ne2 Bd5 55. Re5 Nf3 56. Rf5 Be4 57. Rf4 Ng5 58. Ng3 Bd3 59. Kd2 Bg6 60. Rf6 Be8 61. Rf5 Ne6 62. Re5 Bd7 63. g5 Kb8 64. g6 Kc7 65. Nf5 Ng5 66. g7 Be6 67. Rxe6 Nxe6 68. g8=Q Nf4 69. Qf7+ Kb6 70. Nd6 Nd5 71. Qxb7+ Ka5 72. Nc4+ Ka4 73. b3# 1-0


[Site "https://www.chess.com"]

[Event "Titled Tuesday Blitz April 18 Early 2023"]
[White "b_6"]
[Black "Jaferian, Koosha"]
[BlackFideId "12507440"]
[WhiteElo "2471"]
[BlackElo "2073"]
[Result "1-0"]
[Round "04"]
[TimeControl "180+2"]
[Date "2023.04.18"]
[WhiteClock "0:00:14"]
[BlackClock "0:00:01"]

1. c4 c5 2. Nf3 Nc6 3. Nc3 g6 4. e3 Nf6 5. d4 cxd4 6. exd4 d5 7. cxd5 Nxd5 8. Qb3 Nxc3 9. Bc4 Nd5 10. Bxd5 e6 11. Bxc6+ bxc6 12. O-O Qd5 13. Qe3 f6 14. b3 Kf7 15. Bb2 Bd6 16. Nd2 Re8 17. Rfe1 Qh5 18. h3 g5 19. Rac1 Bd7 20. Qf3 Qxf3 21. Nxf3 Rec8 22. Rc2 c5 23. dxc5 Rxc5 24. Rd2 Rd5 25. Rxd5 exd5 26. Bd4 a5 27. Rc1 a4 28. Bc5 Bf4 29. Be3 Bd6 30. Bc5 Bf4 31. Be3 Bxe3 32. fxe3 a3 33. Rc5 Bf5 34. Rxd5 Kg6 35. Rd2 Rc8 36. Nd4 Rc1+ 37. Kf2 Rb1 38. Nb5 Rb2 39. Ke1 Rb1+ 40. Rd1 Rb2 41. Rd2 Rb1+ 42. Ke2 Rg1 43. Kf2 Ra1 44. Nxa3 h5 45. Nb5 h4 46. a4 Rb1 47. Nd4 Bd7 48. Ke2 Rg1 49. Kf2 Rb1 50. Ra2 Bc8 51. a5 Ba6 52. Ne2 f5 53. Rd2 Kh5 54. g3 hxg3+ 55. Nxg3+ 1-0


[Site "https://www.chess.com"]

[Event "Titled Tuesday Blitz April 18 Early 2023"]
[White "Bilych, Olexiy"]
[Black "HamedWafa4"]
[WhiteFideId "14156504"]
[WhiteElo "2320"]
[BlackElo "2466"]
[Result "0-1"]
[Round "04"]
[TimeControl "180+2"]
[Date "2023.04.18"]
[WhiteClock "0:00:10"]
[BlackClock "0:00:12"]

1. d4 Nf6 2. c4 e6 3. Nf3 Bb4+ 4. Nbd2 O-O 5. a3 Bxd2+ 6. Bxd2 b6 7. Bg5 Bb7 8. e3 h6 9. Bh4 d6 10. Bd3 Nbd7 11. O-O Qe7 12. Qc2 Bxf3 13. gxf3 g5 14. Bg3 Nh5 15. d5 Nxg3 16. hxg3 Ne5 17. Kg2 Qf6 18. Be4 Rae8 19. Rh1 Kg7 20. Rh5 Rh8 21. Rah1 a5 22. f4 gxf4 23. exf4 Nd7 24. b4 axb4 25. axb4 Qd4 26. Rd1 Qf6 27. Qe2 Qc3 28. dxe6 Rxe6 29. Qg4+ Kf8 30. Bf5 Nf6 31. Qh4 Nxh5 32. Bxe6 Nf6 33. Bd5 Nxd5 34. cxd5 Qxb4 35. Qd8+ Kg7 36. Qxc7 Qe4+ 37. Kg1 Qf3 38. Re1 Qxd5 39. Qxb6 Ra8 40. Qb2+ Kg8 41. Qf6 Qd2 42. Kf1 Qd3+ 43. Kg2 Qd5+ 44. Kg1 Qd2 45. Re3 Qd1+ 46. Kg2 Qd5+ 47. Kg1 Qd1+ 48. Kg2 Qd5+ 49. f3 Qd2+ 50. Kh3 Qxe3 51. Qxh6 Qe6+ 52. Qxe6 fxe6 53. f5 Ra5 54. g4 exf5 55. gxf5 Rxf5 56. Kg4 Rf6 57. f4 Kf7 58. f5 d5 59. Kf4 d4 60. Ke5 d3 0-1


[Site "https://www.chess.com"]

[Event "Titled Tuesday Blitz April 18 Early 2023"]
[White "Nouri, Alekhine"]
[Black "Bas Mas, Jose Joaquin"]
[WhiteFideId "5216184"]
[BlackFideId "22219064"]
[WhiteElo "2151"]
[BlackElo "2233"]
[Result "1-0"]
[Round "04"]
[TimeControl "180+2"]
[Date "2023.04.18"]
[WhiteClock "0:00:23"]
[BlackClock "0:00:02"]

1. e4 e6 2. d4 d5 3. Nd2 Nf6 4. e5 Nfd7 5. Bd3 c5 6. c3 Nc6 7. Ne2 cxd4 8. cxd4 f6 9. exf6 Nxf6 10. O-O Bd6 11. Nf3 Qc7 12. Bg5 O-O 13. Rc1 Ne4 14. Ng3 Bf4 15. Nxe4 dxe4 16. Bxe4 Bxc1 17. Qxc1 Bd7 18. Qc2 h6 19. Be3 Rac8 20. Qc5 b6 21. Qh5 Be8 22. Qg4 Qf7 23. Bxh6 Ne7 24. Ng5 Qf6 25. Bxg7 Qxg7 26. Qxe6+ Rf7 27. Bh7+ Kf8 28. Qg4 Rf6 29. Re1 Rd8 30. h3 Bg6 31. Bxg6 Qxg6 32. Re6 Rxe6 33. Nxe6+ Ke8 34. Qxg6+ Nxg6 35. Nxd8 Kxd8 36. g3 Ke7 37. f4 Ke6 38. Kf2 Kd5 39. Ke3 Nf8 40. f5 Nd7 41. g4 b5 42. g5 a6 43. h4 Nf8 44. b3 a5 45. g6 Nd7 46. h5 Nf6 47. g7 Ng8 48. Kf4 Kxd4 49. Kg5 Ke5 50. h6 Nf6 51. Kg6 Ng8 52. h7 Ne7+ 53. Kf7 Nxf5 54. h8=Q 1-0


[Site "https://www.chess.com"]

[Event "Titled Tuesday Blitz April 18 Early 2023"]
[White "Rios Escobar, Adan"]
[Black "Horvath, Dominik"]
[WhiteFideId "3403645"]
[BlackFideId "1642561"]
[WhiteElo "2449"]
[BlackElo "2407"]
[Result "1-0"]
[Round "04"]
[TimeControl "180+2"]
[Date "2023.04.18"]
[WhiteClock "0:01:44"]
[BlackClock "0:02:41"]

1. d4 Nf6 2. g3 c5 3. d5 e6 4. c4 exd5 5. cxd5 g6 6. Nc3 Bg7 7. Nf3 d6 8. Bg2 O-O 9. O-O Re8 10. Re1 a6 11. a4 Ne4 12. Nxe4 Rxe4 13. Qc2 Rb4 14. Nd2 a5 15. Nc4 b5 16. axb5 Rxb5 17. Bf4 Bf8 18. e4 Na6 19. e5 Nb4 20. Qd2 dxe5 21. Nxe5 Bf5 22. Nc6 Nxc6 23. dxc6 Qxd2 24. Bxd2 Rxb2 25. c7 c4 26. Bc1 c3 27. Bxa8 1-0


[Site "https://www.chess.com"]